Workbook
Name ADMINISTRATIVA: '[1]ADVA FUNCION'!$A$3:$C$41
Name admvasep: '[2]acomodo administrativa'!#REF!
Name ADVAAGOSTO: '[2]acomodo administrativa'!#REF!
Name ADVAJUNIO: '[2]acomodo administrativa'!#REF!
Name cataadva: '[2]acomodo administrativa'!#REF!
Name catafun: #REF!
Name cataorden: '[2]balanza acomodo'!$A$2:$G$1593
Name cataprograma: [2]acomodoprog!#REF!
Name FUNC: '[1]ADVA FUNCION'!$D$47:$F$94
Name funcata: #REF!
Name FUNCIONAL: '[1]ADVA FUNCION'!$D$47:$F$94
Name FUNCIONALENE: #REF!
Name funjunio: #REF!
Name juladva: '[2]acomodo administrativa'!#REF!
Name JULFUN: #REF!

Sheet F1. ESF
F1: TRIBUNAL ELECTORAL DEL ESTADO DE DURANGO
F2: Estado de Situación Financiera Detallado - LDF
F3: Al 31 de diciembre de 2023 y 2022
F4: (Pesos)
E5: Ente Público: | F5: (Pesos)
D7: Concepto | G7: 2023 | H7: 2022 | J7: Concepto | M7: 2023 | N7: 2022
D9: ACTIVO | J9: PASIVO
D10: Activo Circulante | J10: Pasivo Circulante
D11: a. Efectivo y Equivalentes de Efectivo (a=a1+a2+a3,a4+a5+a6+a7) | G11: =SUM(G12:G18) -> 12290834 | H11: =SUM(H12:H18) -> 16869805 | J11: a. Cuentas por Pagar de Corto Plazo (a=a1+a2+a3+a4+a5+a6+a7+a8+a9) | M11: =SUM(M12:M20) -> 4634044.2 | N11: =SUM(N12:N20) -> 4102549.5
D12: a1) | E12: Efectivo | G12: 21000 | H12: 21000 | J12: a1) | K12: Servicios Personales | M12: 0
D13: a2) | E13: Bancos/tesoreria | G13: 12269834 | H13: 16848805 | J13: a2) | K13: Proveedores | M13: 16080.56 | N13: 372165.58
D14: a3) | E14: Bancos/Dependencias y otros | J14: a3) | K14: Contratistas por Obras Públicas
D15: a4) | E15: Inversiones Temporales (hasta 3 meses) | J15: a4) | K15: Participaciones y Aportaciones
D16: a5) | E16: Fondos con Afectación Especifica | J16: a5) | K16: Transferencias Otorgadas
D17: a6) | E17: Depósitos de fondos de Terceros | J17: a6) | K17: Intereses, Comisiones y Otros Gastos de la Deuda Pública
D18: a7) | E18: Otros Efectivos y Equivalentes | J18: a7) | K18: Retenciones y Contribuciones | M18: 2681766 | N18: 2837726.7
D19: b. Derechos a Recibir Efectivo o Equivalentes (b=b1+b2+b3,b4+b5+b6+b7) | G19: =SUM(G20:G26) -> 1307 | H19: =SUM(H20:H26) -> 30582.92 | J19: a8) | K19: Devoluciones de la Ley de Ingresos
D20: b1) | E20: Inversiones Financieras | J20: a9) | K20: Otras Cuentas por Pagar | M20: 1936197.7 | N20: 892657.28
D21: b2) | E21: Cuentas por Cobrar | J21: b. Documentos por Pagar a Corto Plazo (b=b1+b2+b3) | M21: =SUM(M22:M24) -> 0 | N21: =SUM(N22:N24) -> 0
D22: b3) | E22: Deudores Diversos | G22: 1307 | H22: 30582.92 | J22: b1) | K22: Documentos Comerciales por Pagar a Corto Plazo
D23: b4) | E23: Ingresos por Recuperar | J23: b2) | K23: Documentos con Contratistas por Obras Públicas por Pagar a Corto Plazo
D24: b5) | E24: Deudores por Anticipos de la Tesoreria | G24: 0 | H24: 0 | J24: b3) | K24: Otros Documentos por Pagar a Corto Plazo
D25: b6) | E25: Prestamos Otorgados | J25: c. Porción de Corto Plazo de la Deuda Pública de Largo Plazo (c=c1+c2) | M25: =SUM(M26:M27) -> 0 | N25: =SUM(N26:N27) -> 0
D26: b7) | E26: Otros Derechos a Recibir Efectivo o Equivalentes | J26: c1) | K26: Porción a Corto Plazo de la Deuda Pública de Largo Plazo
D27: c. Derechos a Recibir Bienes o Servicios (c=c1+c2+c3+c4+c5) | G27: =SUM(G28:G32) -> 0 | H27: =SUM(H28:H32) -> 0 | J27: c2) | K27: Porción a Corto Plazo de Arrendamiento Financiero
A28: 11310000 | D28: c1) | E28: Anticipo a Proveedores por Adquisición de Bienes y Prestación de Servicios a Corto Plazo | J28: d. Títulos y Valores a Corto Plazo | M28: 0 | N28: 0
A29: 11320000 | D29: c2) | E29: Anticipo a Proveedores por Adquisición de Bienes Inmuebles y Muebles a Corto Plazo | J29: e. Pasivos Diferidos a Corto Plazo (e=e1+e2+e3) | M29: =SUM(M30:M32) -> 0 | N29: =SUM(N30:N32) -> 0
A30: 11330000 | D30: c3) | E30: Anticipo a Proveedores por Adquisición de Bienes Intangibles a Corto Plazo | J30: e1) | K30: Ingresos Cobrados por Adelantado a Corto Plazo
A31: 11340000 | D31: c4) | E31: Anticipo a Contratistas por Obras Públicas a Corto Plazo | J31: e2) | K31: Intereses Cobrados por Adelantado a Corto Plazo
A32: 11390000 | D32: c5) | E32: Otros Derechos a Recibir Bienes o Servicios a Corto Plazo | J32: e3) | K32: Otros Pasivos Diferidos a Corto Plazo
D33: d. Inventarios (d=d1+d2+d3+d4+d5) | G33: =SUM(G34:G38) -> 0 | H33: =SUM(H34:H38) -> 0 | J33: f. Fondos y Bienes de Terceros en Garantía y/o Administracion a Corto Plazo (f=f1+f2+f3+f4+f5+f6) | M33: =SUM(M34:M39) -> 0 | N33: =SUM(N34:N39) -> 0
A34: 11410000 | D34: d1) | E34: Inventarios de Mercancias para Venta | J34: f1) | K34: Fondos en Garantía a Corto Plazo
A35: 11420000 | D35: d2) | E35: Inventarios de Vercancias Terminadas | J35: f2) | K35: Fondos en Administración a Corto Plazo
A36: 11430000 | D36: d3) | E36: Inventarios de Mercancias en Proceso de Elaboración | J36: f3) | K36: Fondos en Contingentes a Corto Plazo
A37: 11440000 | D37: d4) | E37: Inventarios de Materias Primas, Materiales y Suministros para Producción | J37: f4) | K37: Fondos de Fideicomisos, Mandatos y Contratos Análogos a Corto Plazo
A38: 11450000 | D38: d5) | E38: Bienes en Tránsito | J38: f5) | K38: Otros Fondos de Terceros en Garantía y/o Administración a Corto Plazo
D39: e. Almacenes | G39: 0 | H39: 0 | J39: f6) | K39: Valores y Bienes en Garantía a Corto Plazo
D40: f. Estimación por Pérdida o Deterioro de Activos Circulantes (f=f1+f2) | G40: =SUM(G41:G42) -> 0 | H40: =SUM(H41:H42) -> 0 | J40: g. Provisiones a Corto Plazo (g=g1+g2+g3) | M40: =SUM(M41:M43) -> 0 | N40: =SUM(N41:N43) -> 0
D41: f1) | E41: Estimaciones para Cuentas Incobrables por Derechos a Recibir Efectivo o equivalentes | J41: g1) | K41: Provisión para Demandas y Juicios a Corto Plazo
D42: f2) | E42: Estimación por Deterioro de Inventarios | J42: g2) | K42: Provisión para Contingencias a Corto Plazo
D43: g. Otros activos circulantes (g=g1+g2+g3+g4) | G43: =SUM(G44:G47) -> 0 | H43: =SUM(H44:H47) -> 0 | J43: g3) | K43: Otras Provisiones a Corto Plazo
D44: g1) | E44: Valores en Garantía | J44: h. Otros Pasivos a Corto Plazo (h=h1+h2+h3) | M44: =SUM(M45:M47) -> 0 | N44: =SUM(N45:N47) -> 0
D45: g2) | E45: Bienes en Garantía (Excluye Depósitos de Fondos) | J45: h1) | K45: Ingresos por Clasificar
D46: g3) | E46: Bienes Derivados de Embargos, Decomisos, Aseguramientos y Dación en Pago | J46: h2) | K46: Recaudación por Participar
D47: g4) | E47: Adquisición con Fondos de Terceros | J47: h3) | K47: Otros Pasivos Circulantes
J48: IIA. Total de Pasivos Circulantes (IIA= a+b+c+d+e+f+g+h) | M48: =+M44+M40+M33+M29+M28+M25+M21+M11 -> 4634044.2 | N48: =+N44+N40+N33+N29+N28+N25+N21+N11 -> 4102549.5
D49: IA) Total de Activos Circulantes (IA=a+b+c+d+e+f+g) | G49: =+G43+G40+G33+G19+G27+G39+G11 -> 12292141 | H49: =+H43+H40+H33+H19+H27+H39+H11 -> 16900388
J50: Pasivo No Circulante | M50: =SUM(M51:M56) -> 0 | N50: =SUM(N51:N56) -> 0
D51: Activo No Circulante | J51: a. Cuentas por Pagar de Largo Plazo
D52: a. Inversiones Financieras a Largo Plazo | J52: b. Documentos por Pagar a Largo Plazo
D53: b. Derechos a Recibir Efectivo o Equivalentes a Largo Plazo | G53: 160000 | H53: 80000 | J53: c. Deúda Pública a Largo Plazo
D54: c. Bienes Inmuebles, Infraestructura y Construcciones en Proceso | J54: d. Pasivos Diferidos a Largo Plazo
D55: d. Bienes Muebles | G55: 8555109.2 | H55: 7898393.7 | J55: e. Fondos y Bienes de Terceros en Garantía y/o Administración a Largo Plazo
D56: e. Activos Intangibles | G56: 239130.09 | H56: 56430.09 | J56: f. Provisiones a Largo Plazo
D57: f. Depreciación, Deterioro y Amortización Acumulada de Bienes | G57: -5083837.6 | H57: -4492302.8
D58: g. Activos Diferidos | J58: IIB. Total de Pasivos No Circulantes (a+b+c+d+e+f)
D59: h. Estimación por Pérdida o Deterioro de Activos no Circulantes
D60: i. Otros Activos no Circulantes | J60: II. Total del Pasivo (II=IIA+IIB) | M60: =+M50+M48 -> 4634044.2 | N60: =+N50+N48 -> 4102549.5
D62: IB. Total de Activos No Circulantes (IB=a+b+c+d+e+f+g+h+i) | G62: =SUM(G52:G60) -> 3870401.7 | H62: =SUM(H52:H60) -> 3542521 | J62: HACIENDA PUBLICA/PATRIMONIO
D64: I. Total del Activo I=IA+IB) | G64: =+G62+G49 -> 16162543 | H64: =+H62+H49 -> 20442909 | J64: IIIA. Hacienda Pública/Patrimonio Contribuido (IIIA=a+b+c) | M64: =SUM(M65:M67) -> 3462521 | N64: =SUM(N65:N67) -> 4011683.5
J65: a. Aportaciones
J66: b. Donaciones de Capital
J67: c. Actualizaciones del Patrimonio | M67: 3462521 | N67: 4011683.5
J68: IIIB. Hacienda Pública/Patrimonio Generado (IIIB=a+b+c+d+e) | M68: =SUM(M69:M73) -> 8065977.7 | N68: =SUM(N69:N73) -> 12328676
J69: a. Resultado del Ejercicio (Ahorro/desahorro) | M69: 3166802.9 | N69: 1145278.8
J70: b. Resultado de Ejercicios Anteriores | M70: 4899174.8 | N70: 11183397
J71: c. Revalúos
J72: d. Reservas
J73: e. Rectificaciones de Resultados de Ejercicios Anteriores
J74: IIIC. Exceso o Insuficiencia en la Actualizacion de la Hacienda Pública/Patrimonio (IIIC=a+b) | M74: =SUM(M75:M76) -> 0 | N74: =SUM(N75:N76) -> 0
J75: a. Resultado por Posición Monetaria
J76: b. Resultado por Tenencia de Activos no Monetarios
J77: III. Total Hacienda Pública/Patrimonio (III=IIIA+IIIB+IIIC) | M77: =+M64+M68+M74 -> 11528499 | N77: =+N64+N68+N74 -> 16340359
J78: IV. Total del Pasivo y Hacienda Pública/Patrimonio (IV=II+III) | M78: =+M77+M60 -> 16162543 | N78: =+N77+N60 -> 20442909

Sheet F2. IADPyOP
A1: Formato 2 | B1: Informe Analítico de la Deuda Pública y Otros Pasivos - LDF
A2: TRIBUNAL ELECTORAL DEL ESTADO DE DURANGO
A3: Informe Analítico de la Deuda Pública y Otros Pasivos - LDF
A4: Al 31 de diciembre de 2023 (b)
A5: (PESOS)
A6: Denominación de la Deuda Pública y Otros Pasivos (c) | C6: Saldo al 2022 (d) | D6: Disposiciones del Periodo (e) | E6: Amortizaciones del Periodo (f) | F6: Revaluaciones, Reclasificaciones y Otros Ajustes (g) | G6: Saldo Final del Periodo (h) | H6: Pago de Intereses del Periodo (i) | I6: Pago de Comisiones y demás costos asociados durante el Periodo (j)
G7: h=d+e-f+g
A9: 1. Deuda Pública (1=A+B) | C9: =+C10+C14 -> 0 | D9: =+D10+D14 -> 0 | E9: =+E10+E14 -> 0 | F9: =+F10+F14 -> 0 | G9: =+G10+G14 -> 0 | H9: =+H10+H14 -> 0 | I9: =+I10+I14 -> 0
A10: A. Corto Plazo (A=a1+a2+a3)
B11: a1) Instituciones de Crédito
B12: a2) Títulos y Valores
B13: a3) Arrendamientos Financieros
A14: B. Largo Plazo (B=b1+b2+b3) | C14: =+C15+C26+C27 -> 0 | D14: =+D15+D26+D27 -> 0 | E14: =+E15+E26+E27 -> 0 | F14: =+F15+F26+F27 -> 0 | G14: =+G15+G26+G27 -> 0 | H14: =+H15+H26+H27 -> 0 | I14: =+I15+I26+I27 -> 0
B15: b1) Instituciones de Crédito | C15: =SUM(C16:C25) -> 0 | D15: =+D16+D27+D28 -> 0 | E15: =SUM(E16:E25) -> 0 | F15: 0 | G15: =+C15+D15-E15+F15 -> 0 | H15: =SUM(H16:H25) -> 0 | I15: 0
B16: BBVA BANCOMER
B17: BANORTE
B18: BANOBRAS
B19: BANCOMER
B20: SANTANDER
B21: SANTANDER
B22: BANCOMER
B23: BANCOMER
B24: BANOBRAS
B25: SANTANDER
B26: b2) Títulos y Valores
B27: b3) Arrendamientos Financieros
A28: 2. Otros Pasivos | C28: =+'F1. ESF'!N11 -> 4102549.5 | D28: 0 | E28: 0 | F28: 0 | G28: =+'F1. ESF'!M60 -> 4634044.2 | H28: 0 | I28: 0
A32: 3. Total de la Deuda Pública y Otros Pasivos (3=1+2) | C32: =+C9+C28 -> 4102549.5 | D32: 0 | E32: 0 | F32: =+F9+F28 -> 0 | G32: =+G28 -> 4634044.2 | H32: =+H9+H28 -> 0 | I32: =+I9+I28 -> 0
A34: 4. Deuda Contingente 1 (informativo)
A35: A. BANOBRAS FONREC 9830/10034/10367
A36: B. BANOBRAS PROFISE 10965
A37: C. BANOBRAS PROFISE 11202
A39: 5. Valor de Instrumentos Bono Cupón Cero 2 (Informativo)
A40: A. BANOBRAS FONREC 9830/10034/10367
A41: B. BANOBRAS PROFISE 10965
A42: C. BANOBRAS PROFISE 11202
A44: 1. Se refiere a cualquier Financiamiento sin fuente o garantía de pago definida, que sea asumida de manera solidaria o subsidiaria por las Entidades Federativas con sus Municipios, organismos descentralizados y empresas de participación estatal mayoritaria y fideicomisos, locales o municipales, y por los Municipios con sus respectivos organismos descentralizados y empresas de participación municipal mayoritaria.
A45: 2. Se refiere al valor del Bono Cupón Cero que respalda el pago de los créditos asociados al mismo (Activo).
A46: Obligaciones a Corto Plazo (k) | B46: Monto | C46: Plazo | D46: Tasa de Interés | E46: Comisiones y Costos Relacionados (o) | F46: Tasa Efectiva
B47: Contratado (l) | C47: Pactado | D47: (n) | F47: (p)
C48: (m)
A49: 6. Obligaciones a Corto Plazo (Informativo)
A50: A. Banorte | B50: 0 | C50: 12m | D50: TIIE + 1.05 | E50: 0 | F50: 6,64%
A51: B. Crédito 2
A52: C. Crédito XX
A53: FUENTE: Elaborados con información del CONAC. Criterios para la elaboración y presentación homogénea de la información financiera y de los formatos a que hace referencia la Ley de Disciplina Financiera de las Entidades Federativas y los Municipios.
A54: NOTA: Se adjunta archivo con que contiene instructivo de llenado de los formatos “Cuadros CONAC Criterios”

Sheet F3. IAODF
A1: Formato 3 | B1: Informe Analítico de Obligaciones Diferentes de Financiamientos - LDF
A3: TRIBUNAL ELECTORAL DEL ESTADO DE DURANGO
A4: Informe Analítico de Obligaciones Diferentes de Financiamientos – LDF
A5: Al 31 de diciembre de 2023 (b)
A6: (PESOS)
A7: Denominación de las Obligaciones Diferentes de Financiamiento (c) | B7: Fecha del Contrato (d) | C7: Fecha de inicio de operación del proyecto (e) | D7: Fecha de vencimiento (f) | E7: Monto de la inversión pactado (g) | F7: Plazo pactado (h) | G7: Monto promedio mensual del pago de la contraprestación (i) | H7: Monto promedio mensual del pago de la contraprestación correspondiente al pago de inversión (j) | I7: Monto pagado de la inversión al 31 de Diciembre de 2022 (k) | J7: Monto pagado de la inversión actualizado al 31 de diciembre de 2022 (l) | K7: Saldo pendiente por pagar de la inversión al 30 de SEP de 2023 (m = g – l)
A9: A. Asociaciones Público Privadas (APP’s) (A=a+b+c+d) | B9: =+B10+B11+B12+B13 -> 0 | C9: =+C10+C11+C12+C13 -> 0 | D9: =+D10+D11+D12+D13 -> 0 | E9: =+E10+E11+E12+E13 -> 0 | F9: =+F10+F11+F12+F13 -> 0 | G9: =+G10+G11+G12+G13 -> 0 | H9: =+H10+H11+H12+H13 -> 0 | I9: =+I10+I11+I12+I13 -> 0 | ... K9: =+K10+K11+K12+K13 -> 0
A10: a) APP 1
A11: b) APP 2
A12: c) APP 3
A13: d) APP XX
A15: B. Otros Instrumentos (B=a+b+c+d) | B15: =+B16+B17+B18+B19 -> 0 | C15: =+C16+C17+C18+C19 -> 0 | D15: =+D16+D17+D18+D19 -> 0 | E15: =+E16+E17+E18+E19 -> 0 | F15: =+F16+F17+F18+F19 -> 0 | G15: =+G16+G17+G18+G19 -> 0 | H15: =+H16+H17+H18+H19 -> 0 | I15: =+I16+I17+I18+I19 -> 0 | ... K15: =+K16+K17+K18+K19 -> 0
A16: a) Otro Instrumento 1
A17: b) Otro Instrumento 2
A18: c) Otro Instrumento 3
A19: d) Otro Instrumento XX
A21: C. Total de Obligaciones Diferentes de Financiamiento (C=A+B) | B21: =+B9+B15 -> 0 | C21: =+C9+C15 -> 0 | D21: =+D9+D15 -> 0 | E21: =+E9+E15 -> 0 | F21: =+F9+F15 -> 0 | G21: =+G9+G15 -> 0 | H21: =+H9+H15 -> 0 | I21: =+I9+I15 -> 0 | ... K21: =+K9+K15 -> 0

Sheet F4. BALPRESUP
D3: Balance Presupuestario - LDF
D5: TRIBUNAL ELECTORAL DEL ESTADO DE DURANGO
D6: Balance Presupuestario - LDF
D7: Del 1 de enero al 31 de diciembre de 2023 (b)
D8: (PESOS)
D10: Concepto (c) | E10: Estimado/ Aprobado (d) | F10: Devengado | G10: Recaudado/ Pagado
D11: A. Ingresos Totales (A = A1+A2+A3) | E11: =+E12+E13+E14 -> 45048126 | F11: =+'F6a. EAEPE OG'!D10 -> 45048126 | G11: 45048126
D12: A1. Ingresos de Libre Disposición | E12: =+'F6a. EAEPE OG'!D10 -> 45048126 | F12: =+'F6a. EAEPE OG'!D10 -> 45048126 | G12: 45048126
D13: A2. Transferencias Federales Etiquetadas | E13: =+'F5. EAID'!B63 -> 0 | F13: =+'F5. EAID'!E63 -> 0 | G13: .
D14: A3. Financiamiento Neto | E14: =+E38 -> 0 | F14: =+F38 -> 0 | G14: =+G38 -> 0
D15: B. Egresos Presupuestarios1 (B = B1+B2) | E15: 45048126 | F15: =+F16+F17 -> 43501524 | G15: =+G16+G17 -> 43488091
D16: B1. Gasto No Etiquetado (sin incluir Amortización de la Deuda Pública) | E16: 45048126 | F16: 43501524 | G16: 43488091
D17: B2. Gasto Etiquetado (sin incluir Amortización de la Deuda Pública) | E17: =+'F6a. EAEPE OG'!D83-'F6a. EAEPE OG'!D149 -> 0 | F17: =+'F6a. EAEPE OG'!G83-'F6a. EAEPE OG'!G149 -> 0 | G17: =+'F6a. EAEPE OG'!H83-'F6a. EAEPE OG'!H149 -> 0
D18: C. Remanentes del Ejercicio Anterior ( C = C1 + C2 ) | E18: =+E19+E20 -> 0 | F18: =+F19+F20 -> 0 | G18: =+G19+G20 -> 0
D19: C1. Remanentes de Ingresos de Libre Disposición aplicados en el periodo | E19: 0 | F19: 0 | G19: 0
D20: C2. Remanentes de Transferencias Federales Etiquetadas aplicados en el periodo | E20: 0 | F20: 0 | G20: 0
D21: I. Balance Presupuestario (I = A – B + C) | E21: =+E11-E15+E18 -> 0 | F21: =+F11-F15+F18 -> 1546601.7 | G21: =+G11-G15+G18 -> 1560035.3
D22: II. Balance Presupuestario sin Financiamiento Neto (II = I - A3) | E22: =+E21-E38 -> 0 | F22: =+F21-F38 -> 1546601.7 | G22: =+G21-G38 -> 1560035.3
D23: III. Balance Presupuestario sin Financiamiento Neto y sin Remanentes del Ejercicio Anterior (III= II - C) | E23: =+E22-E18 -> 0 | F23: =+F22-F18 -> 1546601.7 | G23: =+G22-G18 -> 1560035.3
D25: Concepto | E25: Aprobado | F25: Devengado | G25: Pagado
D26: E. Intereses, Comisiones y Gastos de la Deuda (E = E1+E2) | E26: =+E27+E28 -> 0 | F26: =+F27+F28 -> 0 | G26: =+G27+G28 -> 0
D27: E1. Intereses, Comisiones y Gastos de la Deuda con Gasto No Etiquetado | E27: =+'F6a. EAEPE OG'!D77+'F6a. EAEPE OG'!D78+'F6a. EAEPE OG'!D79+'F6a. EAEPE OG'!D80+'F6a. EAEPE OG'!D81 -> 0 | F27: =+'F6a. EAEPE OG'!G77+'F6a. EAEPE OG'!G78+'F6a. EAEPE OG'!G79+'F6a. EAEPE OG'!G80+'F6a. EAEPE OG'!G81 -> 0 | G27: =+'F6a. EAEPE OG'!H77+'F6a. EAEPE OG'!H78+'F6a. EAEPE OG'!H79+'F6a. EAEPE OG'!H80+'F6a. EAEPE OG'!H81 -> 0
D28: E2. Intereses, Comisiones y Gastos de la Deuda con Gasto Etiquetado | E28: =+'F6a. EAEPE OG'!D150+'F6a. EAEPE OG'!D151+'F6a. EAEPE OG'!D152+'F6a. EAEPE OG'!D153+'F6a. EAEPE OG'!D154 -> 0 | F28: =+'F6a. EAEPE OG'!G150+'F6a. EAEPE OG'!G151+'F6a. EAEPE OG'!G152+'F6a. EAEPE OG'!G153+'F6a. EAEPE OG'!G154 -> 0 | G28: =+'F6a. EAEPE OG'!H150+'F6a. EAEPE OG'!H151+'F6a. EAEPE OG'!H152+'F6a. EAEPE OG'!H153+'F6a. EAEPE OG'!H154 -> 0
D29: IV. Balance Primario (IV = III + E) | E29: =+E23+E26 -> 0 | F29: =+F23+F26 -> 1546601.7 | G29: =+G23+G26 -> 1560035.3
D31: Concepto | E31: Estimado/ Aprobado | F31: Devengado | G31: Recaudado/ Pagado
D32: F. Financiamiento (F = F1 + F2) | E32: =+E33+E34 -> 0 | F32: =+F33+F34 -> 0 | G32: =+G33+G34 -> 0
D33: F1. Financiamiento con Fuente de Pago de Ingresos de Libre Disposición | E33: 0 | F33: 0 | G33: 0
D34: F2. Financiamiento con Fuente de Pago de Transferencias Federales Etiquetadas | E34: 0 | F34: 0 | G34: 0
D35: G. Amortización de la Deuda (G = G1 + G2) | E35: =+E36+E37 -> 0 | F35: =+F36+F37 -> 0 | G35: =+G36+G37 -> 0
D36: G1. Amortización de la Deuda Pública con Gasto No Etiquetado | E36: =+'F6a. EAEPE OG'!D76 -> 0 | F36: =+'F6a. EAEPE OG'!G76 -> 0 | G36: =+'F6a. EAEPE OG'!H76 -> 0
D37: G2. Amortización de la Deuda Pública con Gasto Etiquetado | E37: =+'F6a. EAEPE OG'!D149 -> 0 | F37: =+'F6a. EAEPE OG'!G149 -> 0 | G37: =+'F6a. EAEPE OG'!H149 -> 0
D38: A3. Financiamiento Neto (A3 = F – G ) | E38: =+E32-E35 -> 0 | F38: =+F32-F35 -> 0 | G38: =+G32-G35 -> 0
D40: Concepto | E40: Estimado/ Aprobado | F40: Devengado | G40: Recaudado/ Pagado
D41: A1. Ingresos de Libre Disposición | E41: =+E12 -> 45048126 | F41: =+F12 -> 45048126 | G41: =+G12 -> 45048126
D42: A3.1 Financiamiento Neto con Fuente de Pago de Ingresos de Libre Disposición (A3.1 = F1 – G1) | E42: =+E43-E44 -> 0 | F42: =+F43-F44 -> 0 | G42: =+G43-G44 -> 0
D43: F1. Financiamiento con Fuente de Pago de Ingresos de Libre Disposición | E43: =+E33 -> 0 | F43: =+F33 -> 0 | G43: =+G33 -> 0
D44: G1. Amortización de la Deuda Pública con Gasto No Etiquetado | E44: =+E36 -> 0 | F44: =+F36 -> 0 | G44: =+G36 -> 0
D45: B1. Gasto No Etiquetado (sin incluir Amortización de la Deuda Pública) | E45: =+E16 -> 45048126 | F45: =+F16 -> 43501524 | G45: =+G16 -> 43488091
D46: C1. Remanentes de Ingresos de Libre Disposición aplicados en el periodo | E46: =+E19 -> 0 | F46: =+F19 -> 0 | G46: =+G19 -> 0
D47: V. Balance Presupuestario de Recursos Disponibles (V = A1 + A3.1 – B 1 + C1) | E47: =+E41+E42-E45+E46 -> 0 | F47: =+F41+F42-F45+F46 -> 1546601.7 | G47: =+G41+G42-G45+G46 -> 1560035.3
D48: VI. Balance Presupuestario de Recursos Disponibles sin Financiamiento Neto (VI = V – A3.1) | E48: =+E47-E42 -> 0 | F48: =+F47-F42 -> 1546601.7 | G48: =+G47-G42 -> 1560035.3
D50: Concepto | E50: Estimado/ Aprobado | F50: Devengado | G50: Recaudado/ Pagado
D51: A2. Transferencias Federales Etiquetadas | E51: =+E13 -> 0 | F51: =+F13 -> 0 | G51: 0
D52: A3.2 Financiamiento Neto con Fuente de Pago de Transferencias Federales Etiquetadas (A3.2 = F2 – G2) | E52: =+E53-E54 -> 0 | F52: =+F53-F54 -> 0 | G52: =+G53-G54 -> 0
D53: F2. Financiamiento con Fuente de Pago de Transferencias Federales Etiquetadas | E53: =+E34 -> 0 | F53: =+F34 -> 0 | G53: =+G34 -> 0
D54: G2. Amortización de la Deuda Pública con Gasto Etiquetado | E54: =+E37 -> 0 | F54: =+F37 -> 0 | G54: =+G37 -> 0
D55: B2. Gasto Etiquetado (sin incluir Amortización de la Deuda Pública) | E55: =+E17 -> 0 | F55: =+F17 -> 0 | G55: =+G17 -> 0
D56: C2. Remanentes de Transferencias Federales Etiquetadas aplicados en el periodo | E56: =+E20 -> 0 | F56: =+F20 -> 0 | G56: =+G20 -> 0
D57: VII. Balance Presupuestario de Recursos Etiquetados (VII = A2 + A3.2 – B2 + C2) | E57: =+E51+E52-E55+E56 -> 0 | F57: =+F51+F52-F55+F56 -> 0 | G57: =+G51+G52-G55+G56 -> 0
D58: VIII. Balance Presupuestario de Recursos Etiquetados sin Financiamiento Neto (VIII = VII – A3.2) | E58: =+E57-E52 -> 0 | F58: =+F57-F52 -> 0 | G58: =+G57-G52 -> 0
D60: FUENTE: Elaborados con información del CONAC. Criterios para la elaboración y presentación homogénea de la información financiera y de los formatos a que hace referencia la Ley de Disciplina Financiera de las Entidades Federativas y los Municipios.
D61: NOTA: Se adjunta archivo con que contiene instructivo de llenado de los formatos “Cuadros CONAC Criterios”

Sheet F5. EAID
A1: CUADRO 6
A2: TRIBUNAL ELECTORAL DEL ESTADO DE DURANGO
A3: Estado Analitico de Ingresos Detallado - LDF
A4: del 1 de enero al 31 de diciembre de 2023 (b)
A5: (Pesos)
A7: Concepto ( c) | B7: Ingresos | G7: Diferencia ( e)
B8: Estimado (d) | C8: Ampliaciones/ (Reducciones) | D8: Modificado | E8: Devengado | F8: Recaudado
A9: Ingresos de Libre Disposición
A10: A. Impuestos
A11: B. Cuotas y Aportaciones de Seguridad Social
A12: C. Contribuciones de mejoras
A13: D. Derechos
A14: E. Productos | B14: 0 | C14: 1372320.4 | D14: =+B14+C14 -> 1372320.4 | E14: 1372320.4 | F14: 1372320.4 | G14: =+F14-B14 -> 1372320.4
A15: F. Aprovechamientos
A16: G. Ingresos por Venta de Bienes y Servicios
A17: H. Participaciones (H=h1+h2+h3+h4+h5+h6+h7+h8+h9+h10+h11)
A18: h1) Fondo General de Participaciones
A19: h2) Fondo de Fomento Municipal
A20: h3) Fondo de Fiscalización y Recaudación
A21: h4) Fondo de Compensación
A22: h5) Fondo de Extracción de Hidrocarburos
A23: h6) Impuesto Especial Sobre Producción y servicios
A24: h7) 0.136% de la Recaudación Federal Participable
A25: h8) 3.17% Sobre Extracción de Petróleo
A26: h9) Gasolinas y Diésel
... A34: i5) Otros Incentivos Económicos
A35: J. Transferencias | B35: 45048126 | C35: 0 | D35: =+B35+C35 -> 45048126 | E35: 45048126 | F35: 45048126 | G35: 0 | H35: SE MODIFICARON LAS CIFRAS 05/02/24
A36: K. Convenios
A37: k1) Otros Convenios y Subsidios
A38: L. Otros ingresos de Libre Disposición (L=l1+l2)
A39: l1) Participaciones en Ingresos Locales
A40: l2) Otros Ingresos de Libre Disposición
A41: I. Total de ingresos de Libre Disposición (I=A+B+C+D+E+F+G+H+I+J+K+L) | B41: =+B10+B11+B12+B13+B14+B15+B16+B17+B29+B35+B36+B38 -> 45048126 | C41: =+C10+C11+C12+C13+C14+C15+C16+C17+C29+C35+C36+C38 -> 1372320.4 | D41: =+D10+D11+D12+D13+D14+D15+D16+D17+D29+D35+D36+D38 -> 46420446 | E41: =+E10+E11+E12+E13+E14+E15+E16+E17+E29+E35+E36+E38 -> 46420446 | F41: =+F10+F11+F12+F13+F14+F15+F16+F17+F29+F35+F36+F38 -> 46420446 | G41: =+G10+G11+G12+G13+G14+G15+G16+G17+G29+G35+G36+G38 -> 1372320.4
A42: Ingresos Excedentes de Ingresos de Libre Disposición
A43: Transferencias Federales Etiquetadas
A44: A. Aportaciones (A=a1+a2+a3+a4+a5+a6+a7+a8)
A45: a1) Fondo de Aportaciones para la Nómina Educativa y Gasto Operativo
A46: a2) Fondo de Aportaciones para los Servicios de Salud
A47: a3) Fondo de Aportaciones para la Infraestructura Social
A48: a4) Fondo de Aportaciones para el Fortalecimiento de los Municipios y de las Demarcaciones Territoriales del Distrito Federal
A49: a5) Fondo de Aportaciones Múltiples
A50: a6) Fondo de Aportaciones Para la Educación Tecnológica y de Adultos
A51: a7) Fondo de Aportaciones para la Seguridad Publica de los Estados y del Distrito Federal
A52: a8) Fondo de Aportaciones para el Fortalecimiento de las Entidades Federativas
A53: B. Convenios (B=b1+b2+b3+b4)
... A65: A. Ingresos Derivados de Financiamientos
A66: IV. Total de Ingresos (IV=I+II+III) | B66: =+B41+B63+B64 -> 45048126 | C66: =+C41+C63+C64 -> 1372320.4 | D66: =+D41+D63+D64 -> 46420446 | E66: =+E41+E63+E64 -> 46420446 | F66: =+F41+F63+F64 -> 46420446 | G66: =+G41+G63+G64 -> 1372320.4
A67: Datos Informativos
A68: 1. Ingresos Derivados de Financiamientos con Fuente de Pago de Ingresos de Libre Disposición
A69: 2. Ingresos Derivados de Financiamientos con Fuente de Pago de Transferencias Federales Etiquetadas
A70: 3. Ingresos Derivados de financiamientos (3=1+2)
A71: FUENTE: Elaborados con información del CONAC. Criterios para la elaboracion y presentación homogénea de la información financiera y de los formatos a que hace referencia la Ley de Disciplina Financiera de las Entidades Federativas y los Municipios.
A72: NOTA: Se adjunta archivo que contiene instructivo de llenado de los formatos "Cuadros CONAC Criterios".

Sheet F6a. EAEPE OG
B2: TRIBUNAL ELECTORAL DEL ESTADO DE DURANGO
B3: Estado Analítico del Ejercicio del Presupuesto de Egresos Detallado - LDF
B4: Clasificación por Objeto del Gasto (Capítulo y Concepto)
B5: del 1 de enero al 31 de diciembre de 2023 (b)
B7: Concepto | I7: Subejercicio
D8: Aprobado | E8: Ampliaciones/ (Reducciones) | F8: Modificado | G8: Devengado | H8: Pagado
D9: 1 | E9: 2 | F9: 3 = ( 1+2 ) | G9: 4 | H9: 5 | I9: 6 = ( 3-4 )
B10: I. Gasto No Etiquetado | D10: =+D11+D19+D29+D39+D49+D59+D63+D71+D75 -> 45048126 | E10: =+E11+E19+E29+E39+E49+E59+E63+E71+E75 -> 0 | F10: =+D10+E10 -> 45048126 | G10: =+G11+G19+G29+G39+G49+G59+G63+G71+G75 -> 43501524 | H10: =+H11+H19+H29+H39+H49+H59+H63+H71+H75 -> 43488091 | I10: =+F10-G10 -> 1546601.7
B11: A. Servicios Personales | D11: =SUM(D12:D18) -> 40498667 | E11: =SUM(E12:E18) -> 0 | F11: =SUM(F12:F18) -> 40498667 | G11: =SUM(G12:G18) -> 38959301 | H11: =SUM(H12:H18) -> 38959301 | I11: =SUM(I12:I18) -> 1539365.9
B12: a1) | C12: Remuneraciones al Personal de Carácter Permanente | D12: 8417363 | E12: -1484420.8 | F12: =(E12+D12) -> 6932942.2 | G12: 6932942.2 | H12: 6932942.2 | I12: =(F12-G12) -> 0
B13: a2) | C13: Remuneraciones al Personal de Carácter Transitorio | D13: 375702 | E13: 0 | F13: =(E13+D13) -> 375702 | G13: 217252.08 | H13: 217252.08 | I13: =(F13-G13) -> 158449.92
B14: a3) | C14: Remuneraciones Adicionales y Especiales | D14: 26199514 | E14: -2207989.3 | F14: =(E14+D14) -> 23991525 | G14: 23158333 | H14: 23158333 | I14: =(F14-G14) -> 833192.15
B15: a4) | C15: Seguridad Social | D15: 3412471 | E15: -273171.85 | F15: =(E15+D15) -> 3139299.1 | G15: 2591575.3 | H15: 2591575.3 | I15: =(F15-G15) -> 547723.86
B16: a5) | C16: Otras Prestaciones Sociales y Económicas | D16: 2093617 | E16: 3554899.5 | F16: =(E16+D16) -> 5648516.5 | G16: 5648516.5 | H16: 5648516.5 | I16: =(F16-G16) -> 0
B17: a6) | C17: Previsiones | D17: 0 | E17: 0 | F17: =(E17+D17) -> 0 | G17: 0 | H17: 0 | I17: =(F17-G17) -> 0
B18: a7) | C18: Pago de Estímulos a Servidores Públicos | D18: 0 | E18: 410682.45 | F18: =(E18+D18) -> 410682.45 | G18: 410682.45 | H18: 410682.45 | I18: =(F18-G18) -> 0
B19: B. Materiales y Suministros | D19: =SUM(D20:D28) -> 877403 | E19: =SUM(E20:E28) -> -143264.44 | F19: =SUM(F20:F28) -> 734138.56 | G19: =SUM(G20:G28) -> 732336.24 | H19: =SUM(H20:H28) -> 726621.03 | I19: 1802.34
B20: b1) | C20: Materiales de Administración Emisión de Documentos y Artículos Oficiales | D20: 199103 | E20: 28918.1 | F20: =SUM(E20+D20) -> 228021.1 | G20: 228021.1 | H20: 227749.1 | I20: =+F20-G20 -> 0
B21: b2) | C21: Alimentos y Utensilios | D21: 170000 | E21: -78137.42 | F21: =SUM(E21+D21) -> 91862.58 | G21: 91862.58 | H21: 89406.08 | I21: =+F21-G21 -> 0
B22: b3) | C22: Materias Primas y Materiales de Producción y Comercialización | D22: 0 | E22: 0 | F22: =SUM(E22+D22) -> 0 | G22: 0 | H22: 0 | I22: =+F22-G22 -> 0
B23: b4) | C23: Materiales y Artículos de Construcción y de Reparación | D23: 4800 | E23: 10341.2 | F23: =SUM(E23+D23) -> 15141.2 | G23: 15141.2 | H23: 13625.34 | I23: =+F23-G23 -> 0
B24: b5) | C24: Productos Químicos, Farmacéuticos y de Laboratorio | D24: 0 | E24: 0 | F24: =SUM(E24+D24) -> 0 | G24: 0 | H24: 0 | I24: =+F24-G24 -> 0
B25: b6) | C25: Combustibles, Lubricantes y Aditivos | D25: 385000 | E25: -133031.44 | F25: =SUM(E25+D25) -> 251968.56 | G25: 251968.56 | H25: 251968.56 | I25: =+F25-G25 -> 0
B26: b7) | C26: Vestuario, Blancos, Prendas de Protección y Artículos Deportivos | D26: 18000 | E26: 36481.24 | F26: =SUM(E26+D26) -> 54481.24 | G26: 54481.24 | H26: 54481.24 | I26: =+F26-G26 -> 0
B27: b8) | C27: Materiales y Suministros para Seguridad | D27: 0 | E27: 0 | F27: =SUM(E27+D27) -> 0 | G27: 0 | H27: 0 | I27: =+F27-G27 -> 0
B28: b9) | C28: Herramientas, Refacciones y Accesorios Menores | D28: 100500 | E28: -7836.12 | F28: =SUM(E28+D28) -> 92663.88 | G28: 90861.56 | H28: 89390.71 | I28: 1802.34
B29: C. Servicios Generales | D29: =SUM(D30:D38) -> 3557056 | E29: =SUM(E30:E38) -> -581151.06 | F29: =SUM(F30:F38) -> 2975904.9 | G29: =SUM(G30:G38) -> 2970471.5 | H29: =SUM(H30:H38) -> 2962753.1 | I29: =+F29-G29 -> 5433.47
B30: c1) | C30: Servicios Básicos | D30: 505000 | E30: -68822.36 | F30: =SUM(E30+D30) -> 436177.64 | G30: 436177.64 | H30: 432713.28 | I30: =+F30-G30 -> 0
B31: c2) | C31: Servicios de Arrendamiento | D31: 1195500 | E31: -28688.4 | F31: =SUM(E31+D31) -> 1166811.6 | G31: 1166581.6 | H31: 1166581.6 | I31: =+F31-G31 -> 230
B32: c3) | C32: Servicios Profesionales, Científicos, Técnicos y Otros Servicios | D32: 537500 | E32: -322725.3 | F32: =SUM(E32+D32) -> 214774.7 | G32: 214774.7 | H32: 214774.7 | I32: =+F32-G32 -> 0
B33: c4) | C33: Servicios Financieros, Bancarios y Comerciales | D33: 150000 | E33: -13693.52 | F33: =SUM(E33+D33) -> 136306.48 | G33: 134921.38 | H33: 134921.38 | I33: =+F33-G33 -> 1385.1
B34: c5) | C34: Servicios de Instalación, Reparación, Mantenimiento y Conservación | D34: 257500 | E34: 91987.39 | F34: =SUM(E34+D34) -> 349487.39 | G34: 349487.39 | H34: 345707.39 | I34: =+F34-G34 -> 0
B35: c6) | C35: Servicios de Comunicación Social y Publicidad | D35: 8000 | E35: 2208.07 | F35: =SUM(E35+D35) -> 10208.07 | G35: 10208.07 | H35: 10208.07 | I35: =+F35-G35 -> 0
B36: c7) | C36: Servicios de Traslado y Viáticos | D36: 348000 | E36: 18905.86 | F36: =SUM(E36+D36) -> 366905.86 | G36: 366737.32 | H36: 366737.32 | I36: =+F36-G36 -> 168.54
B37: c8) | C37: Servicios Oficiales | D37: 520000 | E37: -250715.63 | F37: =SUM(E37+D37) -> 269284.37 | G37: 269284.37 | H37: 268810.37 | I37: =+F37-G37 -> 0
B38: c9) | C38: Otros Servicios Generales | D38: 35556 | E38: -9607.17 | F38: =SUM(E38+D38) -> 25948.83 | G38: 22299 | H38: 22299 | I38: =+F38-G38 -> 3649.83
B39: D. Transferencias, Asignaciones, Subsidios y Otras Ayudas | D39: 0 | E39: 0 | F39: 0 | G39: 0 | H39: 0 | I39: =+F39-G39 -> 0
B40: d1) | C40: Transferencias Internas y Asignaciones al Sector Publico | D40: 0 | E40: 0 | F40: 0 | G40: 0 | H40: 0 | I40: =+F40-G40 -> 0
B41: d2) | C41: Transferencias al Resto del Sector Publico | D41: 0 | E41: 0 | F41: 0 | G41: 0 | H41: 0 | I41: =+F41-G41 -> 0
B42: d3) | C42: Subsidios y Subvenciones | D42: 0 | E42: 0 | F42: 0 | G42: 0 | H42: 0 | I42: =+F42-G42 -> 0
B43: d4) | C43: Ayudas Sociales | D43: 0 | E43: 0 | F43: 0 | G43: 0 | H43: 0 | I43: =+F43-G43 -> 0
B44: d5) | C44: Pensiones y Jubilaciones | D44: 0 | E44: 0 | F44: 0 | G44: 0 | H44: 0 | I44: =+F44-G44 -> 0
B45: d6) | C45: Transferencias a Fideicomisos Mandatos y Otros Análogos | D45: 0 | E45: 0 | F45: 0 | G45: 0 | H45: 0 | I45: =+F45-G45 -> 0
B46: d7) | C46: Transferencias a la Seguridad Social | D46: 0 | E46: 0 | F46: 0 | G46: 0 | H46: 0 | I46: =+F46-G46 -> 0
B47: d8) | C47: Donativos | D47: 0 | E47: 0 | F47: 0 | G47: 0 | H47: 0 | I47: =+F47-G47 -> 0
B48: d9) | C48: Transferencias al Exterior | D48: 0 | E48: 0 | F48: 0 | G48: 0 | H48: 0 | I48: =+F48-G48 -> 0
B49: E. Bienes Muebles | D49: =SUM(D50:D58) -> 115000 | E49: =SUM(E50:E58) -> 724415.5 | F49: =SUM(F50:F58) -> 839415.5 | G49: =SUM(G50:G58) -> 839415.5 | H49: =SUM(H50:H58) -> 839415.5 | I49: =SUM(I50:I58) -> 0
B50: e1) | C50: Mobiliario y Equipo de Administración | D50: 90000 | E50: 540926.83 | F50: 630926.83 | G50: 630926.83 | H50: 630926.83 | I50: =+F50-G50 -> 0
B51: e2) | C51: Mobiliario y Equipo Educacional y Recreativo | D51: 25000 | E51: 788.67 | F51: 25788.67 | G51: 25788.67 | H51: 25788.67 | I51: =+F51-G51 -> 0
B52: e3) | C52: Equipo e Instrumental Médico y de Laboratorio | D52: 0 | E52: 0 | F52: 0 | G52: 0 | H52: 0 | I52: =+F52-G52 -> 0
B53: e4) | C53: Vehículos y Equipo de Transporte | D53: 0 | E53: 0 | F53: 0 | G53: 0 | H53: 0 | I53: =+F53-G53 -> 0
B54: e5) | C54: Equipo de Defensa y Seguridad | D54: 0 | E54: 0 | F54: 0 | G54: 0 | H54: 0 | I54: =+F54-G54 -> 0
B55: e6) | C55: Maquinaria, Otros Equipos y Herramientas | D55: 0 | E55: 0 | F55: 0 | G55: 0 | H55: 0 | I55: =+F55-G55 -> 0
B56: e7) | C56: Activos Biológicos | D56: 0 | E56: 0 | F56: 0 | G56: 0 | H56: 0 | I56: =+F56-G56 -> 0
B57: e8) | C57: Bienes Inmuebles | D57: 0 | E57: 0 | F57: 0 | G57: 0 | H57: 0 | I57: =+F57-G57 -> 0
B58: e9) | C58: Activos Intangibles | D58: 0 | E58: 182700 | F58: 182700 | G58: 182700 | H58: 182700 | I58: =+F58-G58 -> 0
B59: F. Inversión Publica | D59: 0 | E59: 0 | F59: 0 | G59: 0 | H59: 0 | I59: 0
B60: f1) | C60: Obra Publica en Bienes de Dominio Publico | D60: 0 | E60: 0 | F60: 0 | G60: 0 | H60: 0 | I60: 0
B61: f2) | C61: Obra Publica en Bienes Propios | D61: 0 | E61: 0 | F61: 0 | G61: 0 | H61: 0 | I61: 0
B62: f3) | C62: Proyectos Productivos y Acciones de Fomento | D62: 0 | E62: 0 | F62: 0 | G62: 0 | H62: 0 | I62: 0
B63: G. Inversiones Financieras y Otras Provisiones | D63: 0 | E63: 0 | F63: 0 | G63: 0 | H63: 0 | I63: 0
B64: g1) | C64: Inversiones para el fomento de Actividades Productivas | D64: 0 | E64: 0 | F64: 0 | G64: 0 | H64: 0 | I64: 0
B65: g2) | C65: Acciones y Participaciones de Capital | D65: 0 | E65: 0 | F65: 0 | G65: 0 | H65: 0 | I65: 0
B66: g3) | C66: Compra de Títulos y Valores | D66: 0 | E66: 0 | F66: 0 | G66: 0 | H66: 0 | I66: 0
B67: g4) | C67: Concesión de Préstamos | D67: 0 | E67: 0 | F67: 0 | G67: 0 | H67: 0 | I67: 0
B68: g5) | C68: Inversiones en Fideicomisos, Mandatos y Otros Análogos | D68: 0 | E68: 0 | F68: 0 | G68: 0 | H68: 0 | I68: 0
B69: g6) | C69: Otras Inversiones Financieras | D69: 0 | E69: 0 | F69: 0 | G69: 0 | H69: 0 | I69: 0
B70: g7) | C70: Provisiones para Contingencias y Otras Erogaciones Especiales | D70: 0 | E70: 0 | F70: 0 | G70: 0 | H70: 0 | I70: 0
B71: H. Participaciones y Aportaciones | D71: 0 | E71: 0 | F71: 0 | G71: 0 | H71: 0 | I71: 0
B72: h1) | C72: Participaciones | D72: 0 | E72: 0 | F72: 0 | G72: 0 | H72: 0 | I72: 0
B73: h2) | C73: Aportaciones | D73: 0 | E73: 0 | F73: 0 | G73: 0 | H73: 0 | I73: 0
B74: h3) | C74: Convenios | D74: 0 | E74: 0 | F74: 0 | G74: 0 | H74: 0 | I74: 0
B75: I. Deuda Publica | D75: 0 | E75: 0 | F75: 0 | G75: 0 | H75: 0 | I75: 0
B76: i1) | C76: Amortización de la Deuda Publica | D76: 0 | E76: 0 | F76: 0 | G76: 0 | H76: 0 | I76: 0
B77: i2) | C77: Intereses de la Deuda Publica | D77: 0 | E77: 0 | F77: 0 | G77: 0 | H77: 0 | I77: 0
B78: i3) | C78: Comisiones de la Deuda Pública | D78: 0 | E78: 0 | F78: 0 | G78: 0 | H78: 0 | I78: 0
B79: i4) | C79: Gastos de la Deuda Pública | D79: 0 | E79: 0 | F79: 0 | G79: 0 | H79: 0 | I79: 0
B80: i5) | C80: Costo por Coberturas | D80: 0 | E80: 0 | F80: 0 | G80: 0 | H80: 0 | I80: 0
B81: i6) | C81: Apoyos Financieros | D81: 0 | E81: 0 | F81: 0 | G81: 0 | H81: 0 | I81: 0
B82: i7) | C82: Adeudos de Ejercicios Fiscales Anteriores (Adefas) | D82: 0 | E82: 0 | F82: 0 | G82: 0 | H82: 0 | I82: 0
B83: II. Gasto Etiquetado
B84: A. Servicios Personales
B85: a1) | C85: Remuneraciones al Personal de Carácter Permanente
B86: a2) | C86: Remuneraciones al Personal de Carácter Transitorio
B87: a3) | C87: Remuneraciones Adicionales y Especiales
B88: a4) | C88: Seguridad Social
B89: a5) | C89: Otras Prestaciones Sociales y Económicas
B90: a6) | C90: Previsiones
B91: a7) | C91: Pago de Estímulos a Servidores Públicos
B92: B. Materiales y Suministros
B93: b1) | C93: Materiales de Administración Emisión de Documentos y Artículos Oficiales
B94: b2) | C94: Alimentos y Utensilios
B95: b3) | C95: Materias Primas y Materiales de Producción y Comercialización
B96: b4) | C96: Materiales y Artículos de Construcción y de Reparación
B97: b5) | C97: Productos Químicos, Farmacéuticos y de Laboratorio
B98: b6) | C98: Combustibles, Lubricantes y Aditivos
B99: b7) | C99: Vestuario, Blancos, Prendas de Protección y Artículos Deportivos
B100: b8) | C100: Materiales y Suministros para Seguridad
B101: b9) | C101: Herramientas, Refacciones y Accesorios Menores
B102: C. Servicios Generales
...

Sheet F6b. EAEPE ADMVA
A1: TRIBUNAL ELECTORAL DEL ESTADO DE DURANGO
A2: Estado Analítico del Ejercicio del Presupuesto de Egresos - LDF
A3: Clasificación Administrativa
A4: Del 1 de enero al 31 de diciembre de 2023
A5: (Pesos)
A7: Concepto | B7: Egresos | G7: Subejercicio
B8: Aprobado | C8: Ampliaciones/ (Reducciones) | D8: Modificado | E8: Devengado | F8: Pagado
A9: I. Gasto No Etiquetado
A10: A. Poder Ejecutivo
A11: a.1 Despacho del Ejecutivo
A12: a.2 Secretaria General de Gobierno
A13: a.3 Secretaria de Finanzas y de Administración
A14: a.4 Secretaria de Comunicaciones y Obras Publicas
A15: a.5 Secretaria de Desarrollo Económico
A16: a.6 Secretaria de Agricultura Ganadería y Desarrollo Rural
A17: a.7 Secretaria de Educación
A18: a.8 Secretaria de Contraloría
A19: a.9 Secretaria de Recursos Naturales y Medio Ambiente
A20: a.10 Secretaria de Seguridad Publica
... A28: C. Poder Judicial
A29: D. Organismos Autónomos | B29: =+'F6a. EAEPE OG'!D10 -> 45048126 | C29: =+'F6a. EAEPE OG'!E10 -> 0 | D29: =+'F6a. EAEPE OG'!F10 -> 45048126 | E29: =+'F6a. EAEPE OG'!G10 -> 43501524 | F29: =+'F6a. EAEPE OG'!H10 -> 43488091 | G29: =+'F6a. EAEPE OG'!I10 -> 1546601.7
A30: E. Entidades Paraestatales y Fideicomisos No Empresariales y No Financieros
A31: F. Entidades Paraestatales Empresariales No Financieros con Participación Estatal Mayoritaria
A32: G. Instituciones Públicas de la Seguridad Social
A34: II. Gasto Etiquetado (II=A+B+C+D+E+F+G+H)
A35: A. Poder Ejecutivo
A36: a.1 Despacho del Ejecutivo
A37: a.2 Secretaria General de Gobierno
A38: a.3 Secretaria de Finanzas y de Administración
A39: a.4 Secretaria de Comunicaciones y Obras Publicas
A40: a.5 Secretaria de Desarrollo Económico
A41: a.6 Secretaria de Agricultura Ganadería y Desarrollo Rural
A42: a.7 Secretaria de Educación
... A57: G. Instituciones Públicas de la Seguridad Social
A59: III. Total de Egresos | B59: =SUM(B9:B58) -> 45048126 | C59: =SUM(C9:C58) -> 0 | D59: =SUM(D9:D58) -> 45048126 | E59: =SUM(E9:E58) -> 43501524 | F59: =SUM(F9:F58) -> 43488091 | G59: =SUM(G9:G58) -> 1546601.7 | H59: =SUM(H9:H58) -> 0

Sheet F6c. EAEPE FUNCION
B1: TRIBUNAL ELECTORAL DEL ESTADO DE DURANGO
B2: Estado Analítico del Ejercicio del Presupuesto de Egresos Detallado - LDF
B3: Clasificación Funcional (Finalidad y Función)
B4: Del 1 de enero al 31 de diciembre
B5: (Pesos)
B7: Concepto | D7: Egresos | I7: Subejercicio
D8: Aprobado | E8: Ampliaciones/ Reducciones | F8: Modificado | G8: Devengado | H8: Pagado
B10: I. Gasto No Etiquetado (I=A+B+C+D)
B11: A. Gobierno (A=a1+a2+a3+a4+a5+a6+a7+a8)
C12: a1) Legislación
C13: a2) Justicia | D13: =+'F6b. EAEPE ADMVA'!B29 -> 45048126 | E13: =+'F6b. EAEPE ADMVA'!C29 -> 0 | F13: =+'F6b. EAEPE ADMVA'!D29 -> 45048126 | G13: =+'F6b. EAEPE ADMVA'!E29 -> 43501524 | H13: =+'F6b. EAEPE ADMVA'!F29 -> 43488091 | I13: =+'F6b. EAEPE ADMVA'!G29 -> 1546601.7
C14: a3) Coordinación de la Política de Gobierno
C15: a4) Relaciones Exteriores
C16: a5) Asuntos Financieros y Hacendarios
C17: a6) Seguridad Nacional
C18: a7) Asuntos de Orden Público y de Seguridad Interior
C19: a8) Otros Servicios Generales
B20: B. Desarrollo Social (B=b1+b2+b3+b4+b5+b6+b7)
C21: b1) Protección Ambiental
C22: b2) Vivienda y Servicios a la Comunidad
C23: b3) Salud
C24: b4) Recreación, Cultura y Otras Manifestaciones Sociales
C25: b5) Educación
C26: b6) Protección Social
C27: b7) Otros Asuntos Sociales
B28: C. Desarrollo Económico (C=c1+c2+c3+c4+c5+c6+c7+c8+c9)
C29: c1) Asuntos Económicos, Comerciales y Laborales en General
C30: c2) Agropecuaria, Silvicultura, Pesca y Caza
C31: c3) Combustibles y Energía
C32: c4) Minería, Manufacturas y Construcción
C33: c5) Transporte
C34: c6) Comunicaciones
C35: c7) Turismo
C36: c8) Ciencia, Tecnología e Innovación
C37: c9) Otras Industrias y Otros Asuntos Económicos
B38: D. Otras No Clasificadas en Funciones Anteriores (D=d1+d2+d3+d4)
C39: d1) Transacciones de la Deuda Publica / Costo Financiero de la Deuda
C40: d2) Transferencias, Participaciones y Aportaciones Entre Diferentes Niveles y Ordenes de Gobierno
C41: d3) Saneamiento del Sistema Financiero
C42: d4) Adeudos de Ejercicios Fiscales Anteriores
B43: II. Gasto Etiquetado (II=A+B+C+D)
B44: A. Gobierno (A=a1+a2+a3+a4+a5+a6+a7+a8)
C45: a1) Legislación
C46: a2) Justicia
C47: a3) Coordinación de la Política de Gobierno
C48: a4) Relaciones Exteriores
C49: a5) Asuntos Financieros y Hacendarios
C50: a6) Seguridad Nacional
C51: a7) Asuntos de Orden Público y de Seguridad Interior
C52: a8) Otros Servicios Generales
B53: B. Desarrollo Social (B=b1+b2+b3+b4+b5+b6+b7)
C54: b1) Protección Ambiental
C55: b2) Vivienda y Servicios a la Comunidad
C56: b3) Salud
C57: b4) Recreación, Cultura y Otras Manifestaciones Sociales
C58: b5) Educación
C59: b6) Protección Social
C60: b7) Otros Asuntos Sociales
B61: C. Desarrollo Económico (C=c1+c2+c3+c4+c5+c6+c7+c8+c9)
C62: c1) Asuntos Económicos, Comerciales y Laborales en General
C63: c2) Agropecuaria, Silvicultura, Pesca y Caza
C64: c3) Combustibles y Energía
C65: c4) Minería, Manufacturas y Construcción
C66: c5) Transporte
C67: c6) Comunicaciones
C68: c7) Turismo
C69: c8) Ciencia, Tecnología e Innovación
C70: c9) Otras Industrias y Otros Asuntos Económicos
B71: D. Otras No Clasificadas en Funciones Anteriores (D=d1+d2+d3+d4)
C72: d1) Transacciones de la Deuda Publica / Costo Financiero de la Deuda
C73: d2) Transferencias, Participaciones y Aportaciones Entre Diferentes Niveles y Ordenes de Gobierno
C74: d3) Saneamiento del Sistema Financiero
C75: d4) Adeudos de Ejercicios Fiscales Anteriores
B76: III. Total de Egresos (III = I + II) | D76: =SUM(D9:D75) -> 45048126 | E76: =SUM(E9:E75) -> 0 | F76: =SUM(F9:F75) -> 45048126 | G76: =SUM(G9:G75) -> 43501524 | H76: =SUM(H9:H75) -> 43488091 | I76: =SUM(I9:I75) -> 1546601.7

Sheet F6d. EAEPE SP
B2: TRIBUNAL ELECTORAL DEL ESTADO DE DURANGO
B3: Estado Analítico del Ejercicio del Presupuesto de Egresos Detallado - LDF
B4: Clasificación de Servicios Personales por Categoría
B5: Del 1 de enero al 31 de diciembre de 2023
B6: (Pesos)
B8: Concepto | C8: Egresos | H8: Subejercicio
C9: Aprobado | D9: Ampliaciones/ (Reducciones) | E9: Modificado | F9: Devengado | G9: Pagado
B10: I. Gasto No Etiquetado
B11: A. Personal Administrativo y de Servicio Público | C11: =+'F6a. EAEPE OG'!D11 -> 40498667 | D11: =+'F6a. EAEPE OG'!E11 -> 0 | E11: =+'F6a. EAEPE OG'!F11 -> 40498667 | F11: =+'F6a. EAEPE OG'!G11 -> 38959301 | G11: =+'F6a. EAEPE OG'!H11 -> 38959301 | H11: =+E11-F11 -> 1539365.9
B12: B. Magisterio
B13: C. Servicios de Salud
B14: Personal Administrativo
B15: Personal Médico, Paramédico y afín
B16: D. Seguridad Pública
B17: E. Gastos asociados a la implementación de nuevas leyes federales o reformas a las mismas
B18: Nombre del Programa o Ley 1
B19: Nombre del Programa o Ley 2
B20: F. Sentencias laborales definitivas
B22: II. Gasto Etiquetado
B23: A. Personal Administrativo y de Servicio Público
B24: B. Magisterio
... B32: F. Sentencias laborales definitivas
B34: III. Total del Gasto en Servicios Personales | C34: =SUM(C10:C33) -> 40498667 | D34: =SUM(D10:D33) -> 0 | E34: =SUM(E10:E33) -> 40498667 | F34: =SUM(F10:F33) -> 38959301 | G34: =SUM(G10:G33) -> 38959301 | H34: =SUM(H10:H33) -> 1539365.9

Sheet GUIA
A1: “GUÍA DE CUMPLIMIENTO DE LA LEY DE DISCIPLINA FINANCIERA DE LAS ENTIDADES FEDERATIVAS Y LOS MUNICIPIOS”
A2: NOMBRE DEL ENTE PÚBLICO (a) Guía de Cumplimiento de la Ley de Disciplina Financiera de las Entidades Federativas y Municipios Del 1 de enero al 31 de diciembre de 20XN (b)
A3: Indicadores de Observancia (c) | B3: Implementación | F3: Resultado | I3: Fundamento (h) | J3: Comentarios (i)
B4: SI | D4: NO
C5: Mecanismo de Verificación (d) | E5: Fecha estimada de cumplimiento (e) | F5: Monto o valor (f) | G5: Unidad (pesos/porcentaje) (g)
A6: INDICADORES PRESUPUESTARIOS
A7: A. INDICADORES CUANTITATIVOS
A8: 1 Balance Presupuestario Sostenible (j)
A9: a. Propuesto | C9: Iniciativa de Ley de Ingresos y Proyecto de Presupuesto de Egresos | F9: 57048126 | G9: pesos | I9: Art. 6 y 19 de la LDF
A10: b. Aprobado | C10: Ley de Ingresos y Presupuesto de Egresos | F10: 45048126 | G10: pesos | I10: Art. 6 y 19 de la LDF
A11: c. Ejercido | C11: Cuenta Pública / Formato 4 LDF | F11: 43501524 | G11: pesos | I11: Art. 6 y 19 de la LDF
A12: 2 Balance Presupuestario de Recursos Disponibles Sostenible (k)
A13: a. Propuesto | C13: Iniciativa de Ley de Ingresos y Proyecto de Presupuesto de Egresos | F13: 57048126 | G13: pesos | I13: Art. 6 y 19 de la LDF
A14: b. Aprobado | C14: Ley de Ingresos y Presupuesto de Egresos | F14: 45048126 | G14: pesos | I14: Art. 6 y 19 de la LDF
A15: c. Ejercido | C15: Cuenta Pública / Formato 4 LDF | F15: 43501524 | G15: pesos | I15: Art. 6 y 19 de la LDF
A16: 3 Financiamiento Neto dentro del Techo de Financiamiento Neto (l)
A17: a. Propuesto | C17: Iniciativa de Ley de Ingresos | F17: NO APLICA | G17: pesos | I17: Art. 6, 19 y 46 de la LDF
A18: b. Aprobado | C18: Ley de Ingresos | F18: NO APLICA | G18: pesos | I18: Art. 6, 19 y 46 de la LDF
A19: c. Ejercido | C19: Cuenta Pública / Formato 4 LDF | F19: NO APLICA | G19: pesos | I19: Art. 6, 19 y 46 de la LDF
A20: 4 Recursos destinados a la atención de desastres naturales
A21: a. Asignación al fideicomiso para desastres naturales (m)
A22: a.1 Aprobado | C22: Reporte Trim. Formato 6 a) | F22: NO APLICA | G22: pesos | I22: Art. 9 de la LDF
A23: a.2 Pagado | C23: Cuenta Pública / Formato 6 a) | F23: NO APLICA | G23: pesos | I23: Art. 9 de la LDF
A24: b. Aportación promedio realizada por la Entidad Federativa durante los 5 ejercicios previos, para infraestructura dañada por desastres naturales (n) | C24: Autorizaciones de recursos aprobados por el FONDEN | F24: NO APLICA | G24: pesos | I24: Art. 9 de la LDF
A25: c. Saldo del fideicomiso para desastres naturales (o) | C25: Cuenta Pública / Auxiliar de Cuentas | F25: NO APLICA | G25: pesos | I25: Art. 9 de la LDF
A26: d. Costo promedio de los últimos 5 ejercicios de la reconstrucción de infraestructura dañada por desastres naturales (p) | C26: Autorizaciones de recursos aprobados por el FONDEN | F26: NO APLICA | G26: pesos | I26: Art. 9 de la LDF
A27: 5 Techo para servicios personales (q)
A28: a. Asignación en el Presupuesto de Egresos | C28: Reporte Trim. Formato 6 d) | F28: 45048126 | G28: pesos | I28: Art. 10 y 21 de la LDF
A31: “GUÍA DE CUMPLIMIENTO DE LA LEY DE DISCIPLINA FINANCIERA DE LAS ENTIDADES FEDERATIVAS Y LOS MUNICIPIOS”
A32: NOMBRE DEL ENTE PÚBLICO (a) Guía de Cumplimiento de la Ley de Disciplina Financiera de las Entidades Federativas y Municipios Del 1 de enero al 31 de diciembre de 20XN (b)
A33: Indicadores de Observancia (c) | B33: Implementación | F33: Resultado | I33: Fundamento (h) | J33: Comentarios (i)
B34: SI | D34: NO
C35: Mecanismo de Verificación (d) | E35: Fecha estimada de cumplimiento (e) | F35: Monto o valor (f) | G35: Unidad (pesos/porcentaje) (g)
A36: INDICADORES PRESUPUESTARIOS
A37: b. Ejercido | C37: Reporte Trim. Formato 6 d) | F37: 43501524 | G37: pesos | I37: Art. 13 fracc. V y 21 de la LDF
A38: 6 Previsiones de gasto para compromisos de pago derivados de APPs (r)
A39: a. Asignación en el Presupuesto de Egresos | C39: Presupuesto de Egresos | F39: NO APLICA | G39: pesos | I39: Art. 11 y 21 de la LDF
A40: 7 Techo de ADEFAS para el ejercicio fiscal (s)
A41: a. Propuesto | C41: Proyecto de Presupuesto de Egresos | F41: NO APLICA | G41: pesos | I41: Art. 12 y 20 de la LDF
A42: b. Aprobado | C42: Reporte Trim. Formato 6 a) | F42: NO APLICA | G42: pesos | I42: Art. 12 y 20 de la LDF
A43: c. Ejercido | C43: Cuenta Pública / Formato 6 a) | F43: NO APLICA | G43: pesos | I43: Art. 12 y 20 de la LDF
A44: B. INDICADORES CUALITATIVOS
A45: 1 Iniciativa de Ley de Ingresos y Proyecto de Presupuesto de Egresos
A46: a. Objetivos anuales, estrategias y metas para el ejercicio fiscal (t) | C46: Iniciativa de Ley de Ingresos y Proyecto de Presupuesto de Egresos | F46: NO APLICA | I46: Art. 5 y 18 de la LDF
A47: b. Proyecciones de ejercicios posteriores (u) | C47: Iniciativa de Ley de Ingresos y Proyecto de Presupuesto de Egresos / Formatos 7 a) y b) | F47: NO APLICA | I47: Art. 5 y 18 de la LDF
A48: c. Descripción de riesgos relevantes y propuestas de acción para enfrentarlos (v) | C48: Iniciativa de Ley de Ingresos y Proyecto de Presupuesto de Egresos | F48: NO APLICA | I48: Art. 5 y 18 de la LDF
A49: d. Resultados de ejercicios fiscales anteriores y el ejercicio fiscal en cuestión (w) | C49: Iniciativa de Ley de Ingresos y Proyecto de Presupuesto de Egresos / Formatos 7 c) y d) | F49: NO APLICA | I49: Art. 5 y 18 de la LDF
A50: e. Estudio actuarial de las pensiones de sus trabajadores (x) | C50: Proyecto de Presupuesto de Egresos / Formato 8 | F50: NO APLICA | I50: Art. 5 y 18 de la LDF
A51: 2 Balance Presupuestario de Recursos Disponibles, en caso de ser negativo
A52: a. Razones excepcionales que justifican el Balance Presupuestario de Recursos Disponibles negativo (y) | C52: Iniciativa de Ley de Ingresos o Proyecto de Presupuesto de Egresos | F52: NO APLICA | I52: Art. 6 y 19 de la LDF
A53: b. Fuente de recursos para cubrir el Balance Presupuestario de Recursos Disponibles negativo (z) | C53: Iniciativa de Ley de Ingresos o Proyecto de Presupuesto de Egresos | F53: NO APLICA | I53: Art. 6 y 19 de la LDF
A54: c. Número de ejercicios fiscales y acciones necesarias para cubrir el Balance Presupuestario de Recursos Disponibles negativo (aa) | C54: Iniciativa de Ley de Ingresos o Proyecto de Presupuesto de Egresos | F54: NO APLICA | I54: Art. 6 y 19 de la LDF
A55: d. Informes Trimestrales sobre el avance de las acciones para recuperar el Balance Presupuestario de Recursos Disponibles (bb) | C55: Reporte Trim. y Cuenta Pública | F55: NO APLICA | I55: Art. 6 y 19 de la LDF
A56: “GUÍA DE CUMPLIMIENTO DE LA LEY DE DISCIPLINA FINANCIERA DE LAS ENTIDADES FEDERATIVAS Y LOS MUNICIPIOS”
A57: NOMBRE DEL ENTE PÚBLICO (a) Guía de Cumplimiento de la Ley de Disciplina Financiera de las Entidades Federativas y Municipios Del 1 de enero al 31 de diciembre de 20XN (b)
A58: Indicadores de Observancia (c) | B58: Implementación | F58: Resultado | I58: Fundamento (h) | J58: Comentarios (i)
B59: SI | D59: NO
C60: Mecanismo de Verificación (d) | E60: Fecha estimada de cumplimiento (e) | F60: Monto o valor (f) | G60: Unidad (pesos/porcentaje) (g)
A61: INDICADORES PRESUPUESTARIOS
A63: 3 Servicios Personales
A64: a. Remuneraciones de los servidores públicos (cc) | C64: Proyecto de Presupuesto | F64: NO APLICA | I64: Art. 10 y 21 de la LDF
A65: b. Previsiones salariales y económicas para cubrir incrementos salariales, creación de plazas y otros (dd) | C65: Proyecto de Presupuesto | F65: NO APLICA | I65: Art. 10 y 21 de la LDF
A67: INDICADORES DEL EJERCICIO PRESUPUESTARIO
A68: A. INDICADORES CUANTITATIVOS
A69: 1 Ingresos Excedentes derivados de Ingresos de Libre Disposición
A70: a. Monto de Ingresos Excedentes derivados de ILD (ee) | C70: Cuenta Pública / Formato 5 | F70: NO APLICA | G70: pesos | I70: Art. 14 y 21 de la LDF
A71: b. Monto de Ingresos Excedentes derivados de ILD destinados al fin del A.14, fracción I de la LDF (ff) | C71: Cuenta Pública | F71: NO APLICA | G71: pesos | I71: Art. 14 y 21 de la LDF
A72: c. Monto de Ingresos Excedentes derivados de ILD destinados al fin del A.14, fracción II, a) de la LDF (gg) | C72: Cuenta Pública | F72: NO APLICA | G72: pesos | I72: Art. 14 y 21 de la LDF
A73: d. Monto de Ingresos Excedentes derivados de ILD destinados al fin del A.14, fracción II, b) de la LDF (hh) | C73: Cuenta Pública | F73: NO APLICA | G73: pesos | I73: Art. 14 y 21 de la LDF
A74: e. Monto de Ingresos Excedentes derivados de ILD destinados al fin del artículo noveno transitorio de la LDF (ii) | F74: NO APLICA | G74: pesos | I74: Art. Noveno Transitorio de la LDF
A75: B. INDICADORES CUALITATIVOS
A76: 1 Análisis Costo-Beneficio para programas o proyectos de inversión mayores a 10 millones de UDIS (jj) | C76: Página de internet de la Secretaría de Finanzas o Tesorería Municipal | F76: NO APLICA | I76: Art. 13 frac. III y 21 de la LDF
A77: 2 Análisis de conveniencia y análisis de transferencia de riesgos de los proyectos APPs (kk) | C77: Página de internet de la Secretaría de Finanzas o Tesorería Municipal | F77: NO APLICA | I77: Art. 13 frac. III y 21 de la LDF
A78: 3 Identificación de población objetivo, destino y temporalidad de subsidios (ll) | C78: Página de internet de la Secretaría de Finanzas o Tesorería Municipal | F78: NO APLICA | I78: Art. 13 frac. VII y 21 de la LDF
A79: INDICADORES DE DEUDA PÚBLICA
A80: A. INDICADORES CUANTITATIVOS
A81: 1 Obligaciones a Corto Plazo | F81: NO APLICA
A82: a. Límite de Obligaciones a Corto Plazo (mm) | F82: NO APLICA | G82: pesos | I82: Art. 30 frac. I de la LDF
A83: b. Obligaciones a Corto Plazo (nn) | F83: NO APLICA | G83: pesos | I83: Art. 30 frac. I de la LDF

Sheet Hoja2

Sheet Hoja1
